 Dungeon Crawl Stone Soup version 0.18-a0-1643-gb89d9db (webtiles) character file.

136 ithil the Covered (level 4, -2/40 HPs)
             Began as a Minotaur Fighter on Mar 28, 2016.
             Slain by a gnoll
             ... wielding a +0 flail
              (7 damage)
             ... on level 2 of the Dungeon.
             The game lasted 00:06:22 (1652 turns).

ithil the Covered (Minotaur Fighter)                Turns: 1652, Time: 00:06:23

Health: -2/40      AC:  9    Str: 22    XL:     4   Next: 98%
Magic:  3/3        EV:  6    Int:  5    God:
Gold:   143        SH:  9    Dex:  9    Spells: 0 memorised, 3 levels left

rFire  . . .     SeeInvis .     a - +0 war axe
rCold  . . .     Gourm    .     i - +0 chain mail
rNeg   . . .     Faith    .     c - +0 shield
rPois  .         Spirit   .     (helmet restricted)
rElec  .         Dismiss  .     (no cloak)
rCorr  .         Reflect  .     (no gloves)
SustAt .         Harm     .     (no boots)
MR     .....                    (no amulet)
Stlth  ..........               (no ring)
                                (no ring)

@: not resistant to hostile enchantments, extremely unstealthy
A: retaliatory headbutt, horns 2
a: no special abilities


You were on level 2 of the Dungeon.
You were not hungry.

You visited 1 branch of the dungeon, and saw 3 of its levels.

You collected 143 gold pieces.

Inventory:

Hand Weapons
 a - a +0 war axe (weapon)
Armour
 b - a +0 scale mail
 c - a +0 shield (worn)
 i - a +0 chain mail (worn)
 k - a +0 robe
Jewellery
 e - a +5 ring of dexterity {unknown}
Wands
 t - a wand of slowing (24/48)
Scrolls
 g - 2 scrolls of identify {unknown}
 j - a scroll of fog {unknown}
 l - a scroll of random uselessness {unknown}
 m - a scroll of blinking {unknown}
 n - a scroll of enchant weapon {unknown}
 o - 2 scrolls of magic mapping {unknown}
 q - a scroll of enchant armour {unknown}
Potions
 d - a potion of might
 p - a potion of curing {unknown}
Comestibles
 f - a bread ration
 h - a meat ration
 r - a slice of pizza
 s - 4 chunks of flesh


   Skills:
 + Level 4.3 Fighting
 + Level 3.3 Axes
 + Level 4.7 Armour
 + Level 1.2 Dodging
 + Level 0.6 Stealth
 + Level 4.6 Shields


You had 3 spell levels left.
You didn't know any spells.

Dungeon Overview and Level Annotations

Branches:
Dungeon (3/15)

Altars:
Ashenzari
Cheibriados


Innate Abilities, Weirdness & Mutations

You reflexively headbutt those who attack you in melee.
You have a pair of horns on your head.


Message History

The gnoll is almost dead.
You block the gnoll's attack.
The gnoll hits you but does no damage. x2
You hit the gnoll.
You kill the gnoll!
The gnoll hits you but does no damage. The gnoll hits you with a flail.
* * * LOW HITPOINT WARNING * * *
You hit the gnoll but do no damage. The gnoll barely misses you.
The gnoll hits you but does no damage.
The gnoll hits you from afar with a spear.
* * * LOW HITPOINT WARNING * * *
Unknown command.
The gnoll hits you but does no damage. You block the gnoll's attack.
The gnoll closely misses you. You furiously retaliate!
You headbutt the gnoll!
There is a stone staircase leading up here.
You block the gnoll's attack.
You climb upwards.
There is a stone staircase leading down here.
You see here 19 stones.
The gnoll hits you with a flail!
You die...

#.# ##.##.# #..
#.# ##.##.# #..
#># #..##.# ##.
#.# #.###.# #.
#(# #.# #.# ##
#.# #.# #.# #.#
#.###.#####
#g#####.........#
#.@.........###.#
############# #.
#.# #.# #.# #
#.### #.##. #.#.#
#..##


You could see a gnoll.

Vanquished Creatures
  Ijyb (D:2)
  3 gnolls
  4 adders (D:2)
  A dart slug (D:1)
  6 giant cockroaches
  A goblin (D:1)
  6 hobgoblins
  2 jackals (D:1)
  2 quokkas (D:2)
  2 ball pythons
  7 bats
  6 kobolds
  10 rats
51 creatures vanquished.

Notes
Turn   | Place    | Note
--------------------------------------------------------------
     0 | D:1      | ithil the Minotaur Fighter began the quest for the Orb.
     0 | D:1      | Reached XP level 1. HP: 19/19 MP: 0/0
   143 | D:1      | Reached XP level 2. HP: 17/27 MP: 1/1
   614 | D:1      | Reached XP level 3. HP: 8/33 MP: 2/2
  1148 | D:2      | Found a snail-covered altar of Cheibriados.
  1192 | D:2      | Found a faded altar to an unknown god.
  1291 | D:2      | Found a shattered altar of Ashenzari.
  1337 | D:2      | Reached XP level 4. HP: 40/40 MP: 3/3
  1457 | D:2      | Noticed Ijyb
  1466 | D:2      | Killed Ijyb
  1466 | D:2      | Reached skill level 1 in Dodging
  1630 | D:3      | HP: 2/40 [gnoll/spear (1)]
  1652 | D:2      | Slain by a gnoll

Vault maps used:
D:1:      dpeg_arrival_arbitrary_c, roderic_chinese_pattern_swastika
D:2:      nicolae_overflow_crystal_walls, nicolae_overflow_hidden_temple,
          ecumenical_altar_2, uniq_iyjb
D:3:      hex_large, grunt_ministairs_10

Skill      XL: |  1  2  3  4 |
---------------+-------------+-----
Armour         | 4 |  4.7
Shields        | 4 |  4.6
Fighting       | 4 |  4.3
Axes           | 3 |  3.3
Dodging        | 1 |  1.2
Stealth        | |  0.6

Action                   |  1- 3 |  4- 6 || total
-------------------------+-------+-------++-------
Melee: War axe           |    89 |    43 ||   132
 Stab: Distracted        |     1 |       ||     1
  Eat: Bread ration      |     1 |       ||     1
